 Dungeon Crawl Stone Soup version 0.30-a0-629-gd54f4be4f7 (webtiles) character file.

Game seed: 18310999476992585977

51 wormed the Changer (level 3, 0/23 HPs)
             Began as an Octopode Transmuter on Jan 13, 2023.
             Slain by a gnoll
             ... wielding a +0 halberd
              (12 damage)
             ... on level 2 of the Dungeon.
             The game lasted 00:01:56 (1274 turns).

wormed the Changer (Octopode Transmuter)            Turns: 1274, Time: 00:01:56

Health: 0/23       AC:  1    Str:  9    XL:     3   Next: 83%
Magic:  3/6        EV: 13    Int: 17    God:
Gold:   68         SH:  0    Dex: 12    Spells: 3/6 levels left

rFire   . . .      SeeInvis .      - Unarmed
rCold   . . .      Faith    .    (no shield)
rNeg    . . .      Spirit   .    (helmet currently unavailable)
rPois   .          Reflect  .    (no amulet)
rElec   .          Harm     .    (no ring)
rCorr   .          Rampage  .    (no ring)
Will    .....                    (no ring)
Stlth   ++                       (no ring)
HPRegen 0.23/turn                (no ring)
MPRegen 0.10/turn                (no ring)
                                 (no ring)
                                 (no ring)

@: appendages, wereblooded
A: tentacle spike 3, almost no armour, amphibious, 8 rings, camouflage 1,
gelatinous body 1, (nimble swimmer 1), tentacles
a: End Transformation


You were on level 2 of the Dungeon.
One of your tentacles had grown a beastly spike.
You visited 1 branch of the dungeon, and saw 2 of its levels.

You collected 68 gold pieces.

Inventory:

Scrolls
 b - a scroll of enchant armour
 c - a scroll of identify
Potions
 a - a potion of lignification
 e - 2 potions of curing
 g - 2 potions of flight


   Skills:
 - Level 1.0 Fighting
 - Level 2.0 Dodging
 - Level 3.0 Unarmed Combat
 + Level 2.4 Spellcasting
 * Level 3.1 Transmutations
 + Level 1.4 Ice Magic


You had 3 spell levels left.
You knew the following spells:

 Your Spells              Type           Power      Damage    Failure   Level
a - Beastly Appendage     Tmut           24%        N/A       4%          1
b - Wereblood             Tmut           12%        N/A       8%          2

Your spell library contained the following spells:

 Spells                   Type           Power      Damage    Failure   Level
 Spider Form              Tmut/Pois      7%         N/A       28%         3
 Ice Form                 Ice/Tmut       9%         N/A       56%         4


Dungeon Overview and Level Annotations

Branches:
Dungeon (2/15)

Altars:


Innate Abilities, Weirdness & Mutations

One of your tentacles has grown a beastly spike.
You cannot wear most types of armour.
You are amphibious.
You can wear up to eight rings at the same time.
Your skin changes colour to match your surroundings (Stealth+).
Your rubbery body absorbs attacks. (AC +1, EV +1)
((You are camouflaged when in or above water. (Stealth+)))
You have tentacles for arms and can constrict up to eight enemies at once.


Message History

Casting: Beastly Appendage (safe; 5% risk of failure)
Confirm with . or Enter, or press ? or * to list all spells.
One of your tentacles grows a vicious spike.
A gnoll comes into view. It is wielding a +0 halberd.
Casting: Beastly Appendage (safe; 5% risk of failure)
Confirm with . or Enter, or press ? or * to list all spells.
Your blood is infused with primal strength.
The gnoll shouts!
You closely miss the gnoll. Your grab misses the gnoll.
You pierce the gnoll.
The gnoll is heavily wounded.
The gnoll misses you.
You tentacle-slap the gnoll. You grab the gnoll.
The gnoll is heavily wounded.
You constrict the gnoll. The gnoll misses you.
A ball python comes into view.
The ball python hisses angrily.
You tentacle-slap the gnoll but do no damage.
You pierce the gnoll.
You kill the gnoll!
A dart slug comes into view.
The gnoll barely misses you.
You see here a +0 whip.
You barely miss the gnoll. You grab the gnoll.
You pierce the gnoll, but do no damage.
You constrict the gnoll. The gnoll barely misses you. x2
You tentacle-slap the endoplasm.
You pierce the endoplasm, but do no damage.
You squeeze the endoplasm.
You kill the endoplasm!
You howl as the wereblood boils in your veins!
You constrict the gnoll, but do no damage.
The gnoll completely misses you. The gnoll closely misses you. x2
You tentacle-slap the gnoll. Your grab misses the gnoll.
Your tentacle spike misses the gnoll.
The gnoll is heavily wounded.
You constrict the gnoll. The ball python bites you.
The ball python barely misses you. The gnoll hits you with a +0 flail!
The gnoll barely misses you. The gnoll hits you with a +0 halberd!
Ouch! That really hurt!
You die...

....#.#..†..####........
##....#.....# #.######.
##....#.#.#.# #.#
......#.....# #.###
##....#.....####...#
......#.#.#.#...###.#
##....#.....#...# #
#..###.....#.#.###.#
##..# #.#.#.#.##@g.#
....# #.....#...gS.#
#.#.# #.†)..#####.g#
#.#.# #.#.#.# .... #.#)#
#.....# w.##. #.#.#
#.....# ..# .#
....###.#.#.# ..# #
......#.....# ...
......#.....#


You could see 3 gnolls, a dart slug and a ball python.

Vanquished Creatures
  A gnoll (D:2)
  A worm (D:2)
  2 dart slugs
  2 ball pythons (D:1)
  7 endoplasms
  2 goblins (D:1)
  2 hobgoblins (D:1)
  4 kobolds
  A quokka (D:1)
  2 bats
  2 frilled lizards
  8 rats
34 creatures vanquished.

Notes
Turn   | Place    | Note
-------+----------+-------------------------------------------
     0 | D:1      | wormed the Octopode Transmuter began the quest for the Orb.
     0 | D:1      | Reached XP level 1. HP: 13/13 MP: 3/3
    84 | D:1      | Reached XP level 2. HP: 18/18 MP: 3/5
   281 | D:1      | Learned a level 2 spell: Wereblood
   365 | D:1      | Reached skill level 1 in Ice Magic
   744 | D:1      | Reached XP level 3. HP: 23/23 MP: 4/6
  1274 | D:2      | Slain by a gnoll

Illustrated notes

Levels and vault maps discovered:
D:1:      mrwooster_arrival_statue_2, layout_basic, minmay_tromino_mix6
D:2:      layout_loops_ring, columned_hall_lemuel

Skill      XL: |  1  2  3 |
---------------+----------+-----
Ice Magic      | 1 |  1.4
Transmutations | 3 |  3.1
Fighting       | |  1.0
Dodging        | |  2.0
Unarmed Combat | |  3.0
Spellcasting   | |  2.4

Action                   || total
-------------------------++-------
Melee: Unarmed           ||    71
       Kick              ||    21
       Tentacles         ||    13
       Constrict         ||    18
 Cast: Beastly Appendage ||    21
       Wereblood         ||     5
  Use: Scroll            ||     5
 Stab: Sleeping          ||     3
Armor: Skin              ||     6
Dodge: Dodged            ||    58

Table legend: (Time is in decaauts)
 A = Elapsed time spent in this place.
 B = Non-inter-level travel time spent in this place.
 C = Inter-level travel time spent in this place.
 D = Time resting spent in this place.
 E = Time spent auto-exploring this place.
 F = Levels seen in this place.
 G = Mean time per level.
                   A        B        C        D        E       F      G
               +--------+--------+--------+--------+--------+-----+--------+
         Total |   1270 |   1263 |      7 |    100 |    917 |   2 |  635.0 |
       Dungeon |   1270 |   1263 |      7 |    100 |    917 |   2 |  635.0 |
               +--------+--------+--------+--------+--------+-----+--------+

Top non-repeatable levels by time:
     D:1: 1052 daAuts
     D:2: 217 daAuts
